 Dungeon Crawl Stone Soup version 0.21.1-1-g345015fe64 (webtiles) character file.

14749 Loge the Grappler (level 11, -7/113 HPs)
             Began as a Troll Monk on July 16, 2018.
             Was a High Priest of Makhleb.
             Mangled by a nine-headed hydra (15 damage)
             ... on level 11 of the Dungeon.
             The game lasted 00:38:00 (11057 turns).

Loge the Grappler (Troll Monk)                     Turns: 11057, Time: 00:38:01

Health: -7/113     AC:  8    Str: 24    XL:     11   Next: 92%
Magic:  15/15      EV:  9    Int: 10    God:    Makhleb [*****.]
Gold:   713        SH: 18    Dex: 15    Spells: 10/10 levels left

rFire    . . .     SeeInvis .   Y - +2 whip (pain)
rCold    . . .     Gourm    +   n - +2 large shield
rNeg     . . .     Faith    +   R - +0 troll leather armour
rPois    +         Spirit   .   (helmet restricted)
rElec    .         Reflect  .   w - +0 cloak
rCorr    .         Harm     .   (gloves unavailable)
MR       .....                  (boots unavailable)
Stlth    ++........             T - amulet of Soeplom {Faith rPois Str+3 Int+4 Slay+2}
HPRegen  1.08/turn              (no ring)
MPRegen  0.14/turn              L - +2 ring of evasion

@: no status effects
A: large, unfitting armour, claws 3, fast metabolism 3, gourmand, regeneration
1, shaggy fur 1, tough skin 2
a: Minor Destruction, Lesser Servant of Makhleb, Major Destruction, Greater
Servant of Makhleb, Renounce Religion


You were on level 11 of the Dungeon.
You worshipped Makhleb.
Makhleb was extremely pleased with you.
You were very full.

You visited 3 branches of the dungeon, and saw 13 of its levels.

You collected 713 gold pieces.

Inventory:

Hand Weapons
 O - a +0 blowgun
 Y - a +2 whip of pain (weapon)
Missiles
 d - 237 stones (quivered)
 h - 29 poisoned needles
 j - 3 large rocks
 s - 4 steel javelins
 S - 2 needles of confusion
 X - 9 curare-tipped needles
Armour
 n - a +2 large shield (worn)
 w - a +0 cloak (worn)
 R - a +0 troll leather armour (worn)
 V - +0 steam dragon scales
Jewellery
 a - an uncursed ring of ice
 L - a +2 ring of evasion (right claw)
 T - the amulet of Soeplom (around neck) {Faith rPois Str+3 Int+4 Slay+2}
   (You found it on level 9 of the Dungeon)

   [amulet of faith]

   It allows you to gain divine favour quickly.
   It affects your strength (+3).
   It affects your intelligence (+4).
   It affects your accuracy and damage with ranged weapons and melee attacks
   (+2).
   It protects you from poison.
Wands
 q - a wand of iceblast (8)
 C - a wand of random effects (28)
 D - a wand of digging (10)
 E - a wand of paralysis (12)
 F - a wand of acid (8)
 I - a wand of scattershot (3)
 Q - a wand of polymorph (8)
Scrolls
 c - 5 scrolls of enchant weapon
 f - a scroll of silence {unknown}
 k - a scroll of fear {unknown}
 m - 6 scrolls of teleportation {unknown}
 r - 3 scrolls of amnesia {unknown}
 t - a scroll of magic mapping {unknown}
 u - 8 scrolls of remove curse
 v - 2 scrolls of fog {unknown}
 y - 2 scrolls of immolation {unknown}
 G - a scroll of identify
 K - a scroll of blinking {unknown}
 W - a scroll of enchant armour {unknown}
 Z - a scroll of random uselessness {unknown}
Potions
 e - a potion of ambrosia
 g - a potion of experience {unknown}
 i - 4 potions of curing
 l - 2 potions of agility
 o - 5 potions of heal wounds
 p - 2 potions of resistance
 x - 2 potions of lignification {unknown}
 z - a potion of might {unknown}
 A - 2 potions of invisibility
 B - 2 potions of brilliance {unknown}
 J - a potion of mutation {unknown}
 M - a potion of berserk rage {unknown}
 N - a potion of haste {unknown}
 P - 2 potions of cancellation {unknown}
 U - a potion of magic {unknown}
Comestibles
 b - 30 rations


   Skills:
 + Level 8.4 Fighting
 - Level 2.4 Dodging
 - Level 1.0 Stealth
 + Level 5.7 Shields
 * Level 13.4 Unarmed Combat
 + Level 6.9 Invocations


You had 10 spell levels left.
You didn't know any spells.

Dungeon Overview and Level Annotations

Branches:
Dungeon (11/15)            Temple (1/1) D:6            Lair (1/6) D:11
    Orc (0/2) D:9

Altars:
Ashenzari
Cheibriados
Dithmenos
Elyvilon
Fedhas
Gozag
Hepliaklqana
Kikubaaqudgha
Makhleb
Nemelex Xobeh
Okawaru
Qazlal
Ru
Sif Muna
Trog
Uskayaw
Vehumet
Wu Jian
Xom
Yredelemnul
Zin
The Shining One

Shops:
D:5 ?   D:7 ?   D:8 [


Innate Abilities, Weirdness & Mutations

You are too large for most types of armour.
You have claws for hands.
Your metabolism is lightning-fast.
You like to eat raw meat.
Your natural rate of healing is unusually fast.
You are covered in fur. (AC +1)
You have very tough skin. (AC +2)


Message History

The nine-headed hydra bites you.
You block the nine-headed hydra's attack. x2
The nine-headed hydra completely misses you.
You whack the nine-headed hydra!
The nine-headed hydra is moderately wounded.
You block the nine-headed hydra's attack. x2
The nine-headed hydra bites you!
* * * LOW HITPOINT WARNING * * *
The nine-headed hydra bites you but does no damage. x2
The nine-headed hydra bites you!
* * * LOW HITPOINT WARNING * * *
The nine-headed hydra bites you.
* * * LOW HITPOINT WARNING * * *
The nine-headed hydra bites you.
* * * LOW HITPOINT WARNING * * *
The nine-headed hydra closely misses you.
The nine-headed hydra bites you.
* * * LOW HITPOINT WARNING * * *
The nine-headed hydra bites you!
You die...

#........[##.......
###########.#######.....##.##
#####....)......# ####..#≈≈≈#
......########### #...#≈≈≈#
...#..# #.......#########...#≈§≈#
...#..# #.#####....#........#####
#..#..# #.# ####.#.#####...§.§)
#..#..###.########.#>######......
#>........##..tD@.......# #.#.##.
##.#..##..##.#####.#.##.# #......
#.#..##.)##.# #.#.##.#####.###
#.#..##..##t#####.........##.#
##.#..#[)[##.##.............#.#
###...#...##.##.####.##.##..#.#
.##...#.#.##......##.##.##..#(#
..#.......##[.###.##........(.###
P.###.#.####..# #.......##)[####.


You could see a nine-headed hydra and a crocodile.

Vanquished Creatures
  A death knight (D:8)
  3 two-headed ogres
  A death yak (D:11)
  The ghost of Htamos the Cleaver, a novice HOMo of Okawaru (D:9)
  An unseen horror (D:9)
  The ghost of Htamos the Thaumaturge, a novice OpWz of Sif Muna (D:8)
  A manticore (D:11)
  An elephant (D:11)
  A gargoyle (D:9)
  A spiny frog (Lair:1)
  The ghost of letownia the Insei, a novice DsGl of Ru (D:6)
  4 trolls
  A hornet (D:11)
  Prince Ribbit (D:7)
  3 hippogriffs
  A shadow (D:10)
  A vampire (D:9)
  A human (D:11)
  2 steam dragons (D:10)
  A hungry ghost (D:9)
  Duvessa (D:4)
  A soldier ant (D:9)
  A water moccasin (Lair:1)
  A porcupine (Lair:1)
  3 ice beasts
  A sky beast (D:5)
  A black bear (D:7)
  2 necrophages
  8 orc warriors
  2 phantoms
  An eye of draining (D:10)
  5 ogres
  2 centaurs
  4 crocodiles
  2 big kobolds
  4 bullfrogs
  Dowan (D:4)
  A gnoll sergeant (D:9)
  8 scorpions
  4 howler monkeys
  10 crimson imps
  2 quasits
  A centaur zombie (D:4)
  13 hounds
  4 jellies
  Crazy Yiuf (D:5)
  A gnoll shaman (D:4)
  7 orc priests
  2 centaur skeletons
  An iguana (D:8)
  11 orc wizards
  2 bullfrog skeletons
  4 worker ants
  A hound zombie (D:4)
  3 worker ant zombies
  9 gnolls
  11 adders
  2 adder skeletons
  8 leopard geckos
  50 orcs
  9 bats
  5 giant cockroaches
  9 goblins
  4 hobgoblins
  11 jackals
  7 quokkas
  A ball python (D:8)
  7 frilled lizards
  A giant cockroach zombie (D:4)
  A jackal zombie (D:4)
  22 kobolds
  10 rats
311 creatures vanquished.

Vanquished Creatures (others)
  A bullfrog zombie (D:11)
  An orc (D:10)
2 creatures vanquished.

Grand Total: 313 creatures vanquished

Notes
Turn   | Place    | Note
-------+----------+-------------------------------------------
     0 | D:1      | Loge the Troll Monk began the quest for the Orb.
     0 | D:1      | Reached XP level 1. HP: 22/22 MP: 0/0
   114 | D:1      | Reached XP level 2. HP: 29/29 MP: 1/1
   415 | D:1      | Reached XP level 3. HP: 36/36 MP: 2/2
   662 | D:2      | Reached skill level 4 in Unarmed Combat
  1129 | D:2      | Reached XP level 4. HP: 44/45 MP: 3/3
  1728 | D:3      | Found a bloodstained altar of Trog.
  2074 | D:4      | Reached skill level 5 in Unarmed Combat
  2152 | D:4      | Noticed an ogre
  2157 | D:4      | Killed an ogre
  2157 | D:4      | Reached XP level 5. HP: 44/53 MP: 4/4
  2314 | D:4      | Reached XP level 6. HP: 60/62 MP: 5/5
  2334 | D:4      | Reached skill level 6 in Unarmed Combat
  2565 | D:4      | Noticed Duvessa
  2566 | D:4      | Noticed Dowan
  2581 | D:4      | Killed Duvessa
  2581 | D:4      | Reached XP level 7. HP: 25/70 MP: 6/6
  2600 | D:4      | Killed Dowan
  2600 | D:4      | Reached skill level 7 in Unarmed Combat
  2923 | D:4      | Found an opulent altar of Gozag.
  3200 | D:5      | Entered Level 5 of the Dungeon
  3253 | D:5      | Found Qiaximi's Magic Scroll Emporium.
  3289 | D:5      | Reached skill level 8 in Unarmed Combat
  3290 | D:5      | Reached skill level 5 in Fighting
  3300 | D:5      | Reached XP level 8. HP: 48/80 MP: 7/7
  3616 | D:5      | Found a runed door.
  3843 | D:5      | Noticed Crazy Yiuf
  3846 | D:5      | Killed Crazy Yiuf
  3938 | D:6      | Found a staircase to the Ecumenical Temple.
  3947 | Temple   | Entered the Ecumenical Temple
  4021 | Temple   | Became a worshipper of Makhleb the Destroyer
  4021 | Temple   | Reached * piety under Makhleb
  4021 | Temple   | Reached ** piety under Makhleb
  4179 | D:6      | Reached skill level 9 in Unarmed Combat
  4345 | D:6      | Noticed letownia's ghost (novice DsGl)
  4362 | D:6      | Killed letownia's ghost
  4362 | D:6      | Reached skill level 1 in Invocations
  4932 | D:7      | Noticed Prince Ribbit
  4975 | D:7      | Killed Prince Ribbit
  4975 | D:7      | Reached XP level 9. HP: 64/89 MP: 9/9
  5006 | D:7      | Reached skill level 10 in Unarmed Combat
  5499 | D:7      | Found Mutae's Magic Scroll Shop.
  5505 | D:7      | Reached skill level 1 in Shields
  5677 | D:8      | Reached *** piety under Makhleb
  5826 | D:8      | Noticed Htamos's ghost (novice OpWz)
  6270 | D:7      | Reached skill level 11 in Unarmed Combat
  6596 | D:8      | Killed Htamos's ghost
  6596 | D:8      | Reached XP level 10. HP: 99/99 MP: 12/12
  6627 | D:8      | Found a glowing silver altar of Zin.
  6633 | D:8      | Found an iron altar of Okawaru.
  6633 | D:8      | Found a snail-covered altar of Cheibriados.
  6633 | D:8      | Found a shimmering altar of Xom.
  6634 | D:8      | Found a basalt altar of Yredelemnul.
  6635 | D:8      | Found a shattered altar of Ashenzari.
  6637 | D:8      | Found a white marble altar of Elyvilon.
  6763 | D:8      | Found Vuoskill's Antique Armour Shop.
  6873 | D:9      | Noticed a two-headed ogre
  7039 | D:8      | Killed a two-headed ogre
  7417 | D:9      | Found a staircase to the Orcish Mines.
  7432 | D:9      | Noticed Htamos's ghost (novice HOMo)
  7598 | D:9      | Killed Htamos's ghost
  7598 | D:9      | Reached skill level 5 in Invocations
  7734 | D:9      | Noticed a gargoyle
  7745 | D:9      | Killed a gargoyle
  7825 | D:9      | Reached skill level 12 in Unarmed Combat
  7844 | D:9      | Reached **** piety under Makhleb
  8164 | D:9      | Noticed a death knight
  8166 | D:9      | Noticed a two-headed ogre
  8355 | D:8      | Killed a two-headed ogre
  8447 | D:8      | Killed a death knight
  8447 | D:8      | Reached XP level 11. HP: 87/110 MP: 14/14
  8670 | D:9      | Killed an unseen horror
  8798 | D:9      | Found a runed door.
  8870 | D:9      | Got a pitted garnet amulet
  8979 | D:9      | Identified the amulet of Soeplom {Faith rPois Str+3 Int+4 Slay+2} (You found it on level 9 of the Dungeon)
  9027 | D:10     | Entered Level 10 of the Dungeon
  9427 | D:10     | Reached ***** piety under Makhleb
  9478 | D:10     | Noticed a two-headed ogre
  9494 | D:10     | Killed a two-headed ogre
  9496 | D:10     | Reached skill level 5 in Shields
 10174 | D:11     | Reached skill level 13 in Unarmed Combat
 10306 | D:11     | Noticed Sonja
 10306 | D:11     | Noticed Sonja
 10306 | D:11     | Sonja changed into Sonja the hornet
 10315 | D:11     | Killed Sonja the hornet
 10417 | D:11     | Noticed a death yak
 10427 | D:11     | Killed a death yak
 10489 | D:11     | Found a staircase to the Lair.
 10799 | Lair:1   | Entered Level 1 of the Lair of Beasts
 10830 | Lair:1   | Noticed an eight-headed hydra
 10969 | Lair:1   | HP: 2/113 [nine-headed hydra (10)]
 11057 | D:11     | Mangled by a nine-headed hydra

Skill      XL: |  1  2  3  4  5  6  7  8  9 10 11 |
---------------+----------------------------------+-----
Unarmed Combat | 4 5 6 8 9 11 12 13 | 13.4
Fighting       | 3 4 5 6 7 8 |  8.4
Invocations    | 2 4 5 6 |  6.9
Shields        | 2 4 5 |  5.7
Dodging        | |  2.4
Stealth        | |  1.0

Action                   |  1- 3 |  4- 6 |  7- 9 | 10-12 || total
-------------------------+-------+-------+-------+-------++-------
Melee: Unarmed           |   114 |   137 |   319 |   384 ||   954
       Punch             |     1 |     1 |    13 |     4 ||    19
       Whip              |       |       |       |     4 ||     4
Invok: Lesser Servant of |       |       |       |     2 ||     2
Evoke: Wand              |       |       |       |     1 ||     1
  Use: Scroll            |       |     1 |     7 |     4 ||    12
       Potion            |       |       |       |     1 ||     1
 Stab: Sleeping          |     2 |     6 |     2 |     1 ||    11
       Distracted        |       |     1 |     1 |     2 ||     4
  Eat: Chunk             |    16 |    13 |    36 |    41 ||   106
Armor: Robe              |    32 |    28 |    86 |    18 ||   164
       Troll leather arm |       |       |       |    51 ||    51
       Skin              |       |       |       |     4 ||     4
Dodge: Dodged            |    69 |    62 |   147 |    87 ||   365
Block: Large shield      |       |       |       |   267 ||   267
